 Dungeon Crawl Stone Soup version 0.18.1-50-g88ac8fd (webtiles) character file.

461 Gargoyl the Agent of Entropy (level 6, -4/48 HPs)
             Began as a Demonspawn Abyssal Knight on Oct 15, 2016.
             Was a Priest of Lugonu.
             Slain by an iguana (9 damage)
             ... on level 4 of the Dungeon.
             The game lasted 00:09:02 (4998 turns).

Gargoyl the Agent of Entropy (DsAK)                 Turns: 4998, Time: 00:09:02

Health: -4/48      AC: 12    Str: 19    XL:     6   Next: 79%
Magic:  9/9        EV:  6    Int: 13    God:    Lugonu [***...]
Gold:   226        SH:  0    Dex: 13    Spells: 0 memorised, 5 levels left

rFire  + . .     SeeInvis .     u - +0 hand axe (freeze)
rCold  + . .     Gourm    .     h - +0 plate armour {rF+}
rNeg   . . .     Faith    .     (no shield)
rPois  .         Spirit   .     (no helmet)
rElec  .         Dismiss  .     (no cloak)
rCorr  .         Reflect  .     (no gloves)
SustAt .         Harm     .     (no boots)
MR     .....                    (no amulet)
Stlth  ..........               (no ring)
                                (no ring)

@: mighty, very slightly contaminated, invisible, not resistant to hostile
enchantments, extremely unstealthy
A: talons 2, cold resistance 1, demonic guardian 1, freezing cloud immunity
a: Depart the Abyss, Bend Space, Banish, Renounce Religion


You were on level 4 of the Dungeon.
You worshipped Lugonu.
Lugonu was most pleased with you.
You were not hungry.

You visited 1 branch of the dungeon, and saw 4 of its levels.
You visited the Abyss 1 time.

You collected 226 gold pieces.

Inventory:

Hand Weapons
 a - a +1 hand axe
 u - a +0 hand axe of freezing (weapon)
Armour
 h - a +0 plate armour of fire resistance (worn)
Wands
 o - a wand of digging (19/24)
Scrolls
 b - 3 scrolls of identify {unknown}
 g - a scroll of recharging {unknown}
 i - a scroll of fear {unknown}
 l - 2 scrolls of random uselessness {unknown}
 m - a scroll of noise {unknown}
 n - 2 scrolls of teleportation {unknown}
 p - a scroll of magic mapping {unknown}
 r - a scroll of fog {unknown}
Potions
 k - a potion of cure mutation {unknown}
 s - a potion of berserk rage {unknown}
 v - a potion of cancellation {unknown}
Comestibles
 c - 5 bread rations
 f - 4 fruits
 t - 2 meat rations


   Skills:
 + Level 4.1 Fighting
 + Level 3.1 Axes
 * Level 4.5 Armour
 + Level 1.4 Dodging
 * Level 4.6 Invocations


You had 5 spell levels left.
You didn't know any spells.

Dungeon Overview and Level Annotations

Branches:
Dungeon (4/15)
 Temple: D:4-7

Altars:
Elyvilon
Fedhas
Okawaru


Innate Abilities, Weirdness & Mutations

You have razor-sharp toenails.
Your flesh is cold resistant.
A weak demonic guardian rushes to your aid.
You are immune to freezing clouds.


Message History

You closely miss the iguana. You claw the iguana, but do no damage.
The iguana is lightly wounded.
The iguana bites you.
You hit the iguana but do no damage. You claw the iguana.
The iguana is lightly wounded.
The iguana bites you.
* * * LOW HITPOINT WARNING * * *
Drink which item? (? for menu, Esc to quit)
You fade into invisibility!
The iguana bites you.
* * * LOW HITPOINT WARNING * * *
You are very lightly contaminated with residual magic.
Drink which item? (? for menu, Esc to quit)
It was a potion of magic.
Magic courses through your body. The iguana barely misses you.
Drink which item? (? for menu, Esc to quit)
It was a potion of might.
You feel very mighty all of a sudden. The iguana bites you!
You die...

#### #.# #. #.# #.
#.#
..####.######.#
.#..............#
..#.#####..#######
.... ##.# ..# #
#†# ######).#.#
#@# .....>....##
#l#
.#...............#
...[[...##########
....<.......
############


You could see an iguana.

Vanquished Creatures
  A scorpion (D:4)
  2 orc priests
  Jessica (D:2)
  3 orc wizards (D:3)
  4 adders
  An ooze (D:1)
  3 worms
  6 dart slugs
  2 giant geckos
  8 orcs
  7 bats
  5 giant cockroaches
  10 goblins
  5 hobgoblins
  2 jackals (D:1)
  6 kobolds
  A quokka (D:2)
  A giant newt (D:1)
  11 rats
79 creatures vanquished.

Vanquished Creatures (collateral kills)
  A giant frog (D:3)
  2 orc priests
  4 orcs (D:3)
  A giant newt (D:4)
8 creatures vanquished.

Vanquished Creatures (others)
  An ogre (D:3)
  A quokka (D:2)
2 creatures vanquished.

Grand Total: 89 creatures vanquished

Notes
Turn   | Place    | Note
--------------------------------------------------------------
     0 | Abyss:1  | Gargoyl the Demonspawn Abyssal Knight began the quest for the Orb.
     0 | Abyss:1  | Reached XP level 1. HP: 18/18 MP: 2/2
    29 | Abyss:2  | Found a corrupted altar of Lugonu.
    91 | Abyss:2  | Noticed an apocalypse crab
   119 | Abyss:2  | Found a corrupted altar of Lugonu.
   122 | Abyss:2  | Noticed a quasit
   128 | D:1      | Escaped the Abyss
   367 | D:1      | Reached * piety under Lugonu
   372 | D:1      | Gained mutation: You have sharp toenails. [demonic ancestry]
   372 | D:1      | Reached XP level 2. HP: 18/24 MP: 4/4
   592 | D:1      | Reached skill level 1 in Dodging
   666 | D:1      | Gained mutation: A weak demonic guardian rushes to your aid. [demonic ancestry]
   666 | D:1      | Reached XP level 3. HP: 28/29 MP: 5/5
  1054 | D:2      | Found a white marble altar of Elyvilon.
  1489 | D:2      | Noticed Jessica
  1495 | D:2      | Killed Jessica
  1495 | D:2      | Gained mutation: Your flesh is cold resistant. [demonic ancestry]
  1495 | D:2      | Reached XP level 4. HP: 37/37 MP: 6/6
  1892 | D:2      | Reached ** piety under Lugonu
  2462 | D:3      | Noticed a giant frog
  2467 | D:3      | Killed a giant frog
  2467 | D:3      | Gained mutation: You are immune to freezing clouds. [demonic ancestry]
  2467 | D:3      | Reached XP level 5. HP: 27/42 MP: 7/7
  3363 | D:3      | Gained mutation: You have razor-sharp toenails. [demonic ancestry]
  3363 | D:3      | Reached XP level 6. HP: 29/48 MP: 9/9
  3559 | D:3      | Found an iron altar of Okawaru.
  3687 | D:3      | Reached *** piety under Lugonu
  4946 | D:4      | Found a blossoming altar of Fedhas.
  4998 | D:4      | Slain by an iguana

Skill      XL: |  1  2  3  4  5  6 |
---------------+-------------------+-----
Invocations    | 3 4 |  4.6
Armour         | 2 3 4 |  4.5
Dodging        | 1 |  1.4
Axes           | 2 3 |  3.1
Fighting       | 4 |  4.1

Action                   |  1- 3 |  4- 6 || total
-------------------------+-------+-------++-------
Melee: Hand axe          |   136 |   264 ||   400
       Kick              |    25 |    64 ||    89
Invok: Depart the Abyss  |     1 |       ||     1
       Banish            |       |     1 ||     1
  Use: Potion            |       |     9 ||     9
  Eat: Chunk             |     2 |    12 ||    14
Armor: Plate armour      |   128 |   192 ||   320
       Skin              |       |     4 ||     4
Dodge: Dodged            |    25 |    34 ||    59
